 Dungeon Crawl Stone Soup version 0.31-a0-234-gad7ace16ef (webtiles) character file.

Game seed: 14063784098910716664

53 qw the Shooter (level 3, 0/21 HPs)
             Began as a Gargoyle Hexslinger on July 9, 2023.
             Slain by a gnoll
             ... wielding a +0 halberd of pain
              (10 damage)
             ... on level 2 of the Dungeon.
             The game lasted 00:00:31 (1256 turns).

qw the Shooter (Gargoyle Hexslinger)                Turns: 1256, Time: 00:00:32

Health: 0/21       AC:  8    Str: 11    XL:     3   Next: 87%
Magic:  4/4        EV: 10    Int: 13    God:
Gold:   41         SH:  0    Dex: 14    Spells: 3/4 levels left

rFire   . . .        Y - +1 sling
rCold   . . .        (no shield)
rNeg    + . .        e - +0 ring mail
rPois   inf          (no helmet)
rElec   +            (no cloak)
rCorr   .            (no gloves)
SInv    .            (no boots)
Will    .....        (no amulet)
Stlth   +            (no ring)
HPRegen 0.23/turn    (no ring)
MPRegen 0.09/turn

%: no passive effects
@: no status effects
A: sickness immunity, AC +3, negative energy resistance 1, electricity
resistance, torment resistance 1, petrification resistance
a: no special abilities


You were on level 2 of the Dungeon.
You visited 1 branch of the dungeon, and saw 2 of its levels.

You collected 41 gold pieces.


Innate Abilities, Weirdness & Mutations

You are immune to sickness and miasma.
Your stone body is resilient. (AC +3)
You are immune to poison.
You resist negative energy. (rN+)
You are resistant to electric shocks. (rElec)
You are resistant to unholy torment.
You are immune to petrification.


   Skills:
 - Level 2.0 Fighting
 + Level 3.7 Ranged Weapons
 - Level 1.5 Dodging
 - Level 1.0 Spellcasting
 - Level 2.6 Hexes


You had 3 spell levels left.
You knew the following spells:

 Your Spells              Type           Power      Damage    Failure   Level
a - Slow                  Hex            28%        N/A       22%         1

Your spell library contained the following spells:

 Spells                   Type           Power      Damage    Failure   Level
 Inner Flame              Hex/Fire       4%         N/A       75%         3
 Portal Projectile        Hex/Tloc       8%         N/A       75%         3
 Cause Fear               Hex            3%         N/A       92%         4

Inventory:

Hand Weapons
 Y - a +1 sling (weapon)
Armour
 e - a +0 ring mail (worn)
Scrolls
 b - a scroll of enchant armour {unknown}
 f - a scroll of vulnerability {unknown}
 g - a scroll of identify {unknown}
Potions
 a - a potion of heal wounds {unknown}
 c - a potion of berserk rage {unknown}
 d - a potion of cancellation {unknown}
 h - a potion of invisibility {unknown}
 i - a potion of ambrosia {unknown}

Dungeon Overview and Level Annotations

Branches:
Dungeon (2/15)

Altars:


Message History

You shoot a sling bullet. The sling bullet hits the gnoll.
The gnoll is severely wounded.
The gnoll misses you.
You shoot a sling bullet. The sling bullet hits the gnoll.
You kill the gnoll!
A gnoll comes into view. It is wielding a +0 club.
The gnoll shouts!
Enter note:
Enter note: You shoot a sling bullet.
The sling bullet hits the gnoll.
The gnoll is lightly wounded.
A gnoll comes into view. It is wielding a +0 halberd of pain.
You shoot a sling bullet. The gnoll shouts!
The sling bullet hits the gnoll.
The gnoll is heavily wounded.
A gnoll comes into view. It is wielding a +0 club.
You shoot a sling bullet. The gnoll shouts!
The sling bullet hits the gnoll.
The gnoll is severely wounded.
The gnoll throws a throwing net.
The throwing net barely misses you.
The gnoll throws a throwing net.
The throwing net hits you.
You become entangled in the net!
You struggle against the net.
You tear a large gash into the net.
You rip the net and break free!
You shoot a sling bullet. The sling bullet hits the gnoll.
The gnoll is heavily wounded.
The gnoll hits you from afar with a +0 halberd of pain!
Ouch! That really hurt!
You shoot a sling bullet. The sling bullet hits the gnoll.
The gnoll is almost dead.
The gnoll barely misses you.
You shoot a sling bullet.
The sling bullet barely misses the gnoll. x2
The sling bullet completely misses the gnoll.
The gnoll closely misses you.
The gnoll hits you from afar with a +0 halberd of pain!
You die...

#.# #.#... #.#.#
#[###. #.#.# #.
## #.#.# #. #.
#.#g# #. #.
#.#g# #. #.
#.#g# # #.#)#
#########.#@#
#.........#.#
#.#########.#
####.#########.#
#..)........##(#
###########.##.#
#.........#
#.####.#### #.#


You could see 3 gnolls.

Vanquished Creatures
  A gnoll (D:2)
  A worm (D:2)
  3 dart slugs
  2 ball pythons
  4 bats (D:1)
  4 endoplasms
  2 goblins
  2 hobgoblins
  4 quokkas
  4 frilled lizards
  2 kobolds
  5 rats
34 creatures vanquished.

Notes
Turn   | Place    | Note
-------+----------+-------------------------------------------
     0 | D:1      | qw the Gargoyle Hexslinger began the quest for the Orb.
     0 | D:1      | Reached XP level 1. HP: 12/12 MP: 2/2
     0 | D:1      | 0 ||| qw: Version: 0.3-a-51-g015441d
     0 | D:1      | 0 ||| qw: Game counter: 4310
     0 | D:1      | 0 ||| qw: Melee chars always use a shield: true
     0 | D:1      | 0 ||| qw: God list: Okawaru
     0 | D:1      | 0 ||| qw: Allow faded altars: false
     0 | D:1      | 0 ||| qw: Do Orc after clearing Dungeon:15 true
     0 | D:1      | 0 ||| qw: Do second Lair branch before Depths: true
     0 | D:1      | 0 ||| qw: Lair rune preference: random
     0 | D:1      | 0 ||| qw: Goals: Normal
     0 | D:1      | 0 ||| PLANNING D:1-11
   195 | D:1      | Reached XP level 2. HP: 16/16 MP: 3/3
   293 | D:1      | Reached skill level 3 in Ranged Weapons
   585 | D:1      | Found a faded altar of an unknown god.
   691 | D:1      | Reached XP level 3. HP: 21/21 MP: 4/4
   710 | D:1      | 710 ||| UPGRADING to +0 ring mail.
   720 | D:1      | 720 ||| DROPPING +0 robe.
   721 | D:1      | 721 ||| READING scroll labelled VUGGEULOIRCH.
   722 | D:1      | 722 ||| READING scroll labelled NUESIE FY XIUN.
   723 | D:1      | 723 ||| DROPPING scroll of poison.
  1256 | D:2      | Slain by a gnoll

Levels and vault maps discovered:
D:1:      giann_bridges, layout_loops_ring, chequers_ecumenical_altar_lobes,
          grunt_decor_resistance, solitary_fountain
D:2:      layout_basic

Skill      XL: |  1  2  3 |
---------------+----------+-----
Ranged Weapons | 3 |  3.7
Fighting       | 2 |  2.0
Dodging        | |  1.5
Spellcasting   | |  1.0
Hexes          | |  2.6

Action                     || total
---------------------------++-------
   Fire: Sling             ||   133
    Use: Scroll            ||     2
 Armour: Robe              ||    19
         Ring mail         ||    11
  Dodge: Dodged            ||    42

Table legend:
 A = Non-vault XP
 B = Vault XP
 C = Vault XP percentage of total XP
 D = Non-vault monster count
 E = Vault monster count
 F = Vault count percentage of total count
                 A         B        C        D         E       F
            +---------+---------+-------+---------+---------+-------
      Total |      76 |       0 |   0.0 |      34 |       0 |   0.0
            +---------+---------+-------+---------+---------+-------
        D:1 |      34 |       0 |   0.0 |      18 |       0 |   0.0
        D:2 |      42 |       0 |   0.0 |      16 |       0 |   0.0
            +---------+---------+-------+---------+---------+-------
